 Dungeon Crawl Stone Soup version 0.21.1-1-g345015fe64 (webtiles) character file.

284 Beodren the Shield-Bearer (level 6, -14/56 HPs)
             Began as a Minotaur Fighter on Apr 22, 2018.
             Demolished by Name63's ghost (19 damage)
             ... on level 3 of the Dungeon.
             The game lasted 00:07:37 (2475 turns).

Beodren the Shield-Bearer (Minotaur Fighter)        Turns: 2475, Time: 00:07:49

Health: -14/56     AC: 11    Str: 23    XL:     6   Next: 7%
Magic:  5/5        EV:  6    Int: 11    God:
Gold:   96         SH: 10    Dex:  9    Spells: 5/5 levels left

rFire    . . .     SeeInvis .   a - +0 flail
rCold    . . .     Gourm    .   c - +0 shield
rNeg     . . .     Faith    .   q - +0 chain mail
rPois    .         Spirit   .   (helmet restricted)
rElec    .         Reflect  .   (no cloak)
rCorr    .         Harm     .   k - +0 pair of gloves
MR       +....                  (no boots)
Stlth    ..........             (no amulet)
HPRegen  0.18/turn              i - ring of protection from magic
MPRegen  0.09/turn              o - +6 ring of intelligence

@: no status effects
A: retaliatory headbutt, horns 2
a: no special abilities


You were on level 3 of the Dungeon.
You were not hungry.

You visited 1 branch of the dungeon, and saw 3 of its levels.

You collected 96 gold pieces.

Inventory:

Hand Weapons
 a - a +0 flail (weapon)
Armour
 b - a +0 scale mail
 c - a +0 shield (worn)
 k - a +0 pair of gloves (worn)
 q - a +0 chain mail (worn)
Jewellery
 i - a ring of protection from magic (left hand)
 o - a +6 ring of intelligence (right hand)
Scrolls
 g - 3 scrolls of identify {unknown}
 h - a scroll of fear {unknown}
 j - 2 scrolls of enchant weapon {unknown}
 n - 3 scrolls of remove curse {unknown}
 p - a scroll of noise {unknown}
 t - a scroll of magic mapping {unknown}
Potions
 d - a potion of might
 e - 2 potions of mutation {unknown}
 l - a potion of heal wounds {unknown}
 m - a potion of curing {unknown}
 r - a potion of brilliance {unknown}
Comestibles
 f - 4 rations
 s - a chunk of flesh


   Skills:
 * Level 5.1 Fighting
 + Level 3.9 Maces & Flails
 + Level 4.9 Armour
 + Level 1.7 Dodging
 + Level 0.1 Stealth
 + Level 5.2 Shields


You had 5 spell levels left.
You didn't know any spells.

Dungeon Overview and Level Annotations

Branches:
Dungeon (3/15)

Altars:
Ashenzari
Fedhas
Kikubaaqudgha
Qazlal

Annotations:
D:3 Name63's ghost, novice GnNe


Innate Abilities, Weirdness & Mutations

You reflexively headbutt those who attack you in melee.
You have a pair of horns on your head.


Message History

Name63's ghost is lightly damaged.
Name63's ghost hits you but does no damage.
Your shield prevents you from hitting Name63's ghost.
Name63's ghost is lightly damaged.
Name63's ghost hits you but does no damage.
You are electrocuted!
Name63's ghost hits you.
You miss Name63's ghost. Your headbutt misses Name63's ghost.
Name63's ghost is lightly damaged.
Name63's ghost hits you.
You are electrocuted!
* * * LOW HITPOINT WARNING * * *
You closely miss Name63's ghost.
Name63's ghost is lightly damaged.
Name63's ghost hits you but does no damage.
You hit Name63's ghost but do no damage.
Name63's ghost is lightly damaged.
Name63's ghost hits you!
* * * LOW HITPOINT WARNING * * *
Name63's ghost hits you but does no damage.
You are electrocuted!
You die...

#.# #.# #.# #.#
##.####.### ###
#..............
#...........#.#
#...###.###.#.#
#...#...# #.#.#
##...#.#####.#.#
###.....>....#.#@#
.........###.#.#W#######
####..##........hh......
#.# #...<..........K.
#.###.###.#.#.#######
#......##†#.#.###
###.[............
#.........#####
###########


You could see Name63's ghost and 2 jackals.

Vanquished Creatures
  A centaur (D:3)
  An orc wizard (D:3)
  An orc priest (D:3)
  An iguana (D:2)
  7 adders
  2 worms
  A dart slug (D:2)
  A leopard gecko (D:2)
  4 orcs
  3 giant cockroaches
  5 goblins
  5 hobgoblins
  2 jackals (D:3)
  5 kobolds
  5 bats
  A frilled lizard (D:2)
  6 rats
51 creatures vanquished.

Notes
Turn   | Place    | Note
-------+----------+-------------------------------------------
     0 | D:1      | Beodren the Minotaur Fighter began the quest for the Orb.
     0 | D:1      | Reached XP level 1. HP: 19/19 MP: 0/0
   240 | D:1      | Reached XP level 2. HP: 27/27 MP: 1/1
   722 | D:2      | Found a shattered altar of Ashenzari.
  1008 | D:2      | Reached skill level 1 in Dodging
  1008 | D:2      | Reached XP level 3. HP: 30/34 MP: 2/2
  1319 | D:2      | Found a stormy altar of Qazlal.
  1356 | D:2      | Reached XP level 4. HP: 35/41 MP: 3/3
  1492 | D:2      | Found an ancient bone altar of Kikubaaqudgha.
  1983 | D:3      | Reached XP level 5. HP: 22/47 MP: 4/4
  2335 | D:3      | Noticed a centaur
  2345 | D:3      | Killed a centaur
  2345 | D:3      | Reached skill level 5 in Fighting
  2345 | D:3      | Reached skill level 5 in Shields
  2345 | D:3      | Reached XP level 6. HP: 40/56 MP: 5/5
  2353 | D:3      | Found a blossoming altar of Fedhas.
  2454 | D:3      | Noticed Name63's ghost (novice GnNe)
  2475 | D:3      | Demolished by Name63's ghost

Skill      XL: |  1  2  3  4  5 |
---------------+----------------+-----
Fighting       | 4 5 |  5.1
Shields        | 4 5 |  5.2
Dodging        | 1 |  1.7
Armour         | 4 |  4.9
Maces & Flails | 3 |  3.9
Stealth        | |  0.1

Action                   |  1- 3 |  4- 6 || total
-------------------------+-------+-------++-------
Melee: Flail             |    72 |   111 ||   183
       Headbutt          |    16 |    19 ||    35
  Eat: Chunk             |     1 |     4 ||     5
Armor: Scale mail        |    49 |    43 ||    92
       Chain mail        |       |    23 ||    23
Dodge: Dodged            |    32 |    33 ||    65
Block: Shield            |    56 |    79 ||   135
